 Dungeon Crawl Stone Soup version 0.29.0-11-gd7f09526c8 (webtiles) character file.

Game seed: 12774906809739738101

2438 hawthorn the Slicer (level 9, -1/52 HPs)
             Began as a Deep Elf Monk on Sept 5, 2022.
             Slain by a cyan ugly thing (11 damage)
             ... on level 8 of the Dungeon.
             The game lasted 00:16:57 (6388 turns).

hawthorn the Slicer (Deep Elf Monk)                 Turns: 6388, Time: 00:16:58

Health: -1/52      AC: 15    Str: 12    XL:     9   Next: 25%
Magic:  10/10      EV: 15    Int: 16    God:
Gold:   671        SH:  4    Dex: 17    Spells: 8/8 levels left

rFire   + + .      SeeInvis .   a - +7 dagger of Gutig {vorpal, rElec rCorr Stlth-}
rCold   . . .      Faith    .   p - +0 buckler of Estriof {rPois Will+}
rNeg    . . .      Spirit   .   G - +4 scale mail {rF+}
rPois   +          Reflect  .   (no helmet)
rElec   +          Harm     .   (no cloak)
rCorr   +          Rampage  .   x - +0 pair of gloves
Will    +....                   r - +1 pair of boots
Stlth   +.........              d - amulet of magic regeneration
HPRegen 0.17/turn               e - +4 ring of evasion
MPRegen 0.52/turn               y - ring of protection from fire

@: no status effects
A: low MP 1, poison resistance
a: no special abilities


You were on level 8 of the Dungeon.
You visited 1 branch of the dungeon, and saw 8 of its levels.

You collected 963 gold pieces.
You spent 292 gold pieces at shops.

Inventory:

Hand Weapons
 a - the +7 dagger of Gutig (weapon) {vorpal, rElec rCorr Stlth-}
   (You found it on level 2 of the Dungeon)

   It inflicts extra damage upon your enemies.
   rElec:     It insulates you from electricity.
   rCorr:     It protects you from acid and corrosion.
   Stlth:     It makes you less stealthy.
 f - a +2 vorpal short sword
Missiles
 c - 21 boomerangs (quivered)
 k - 42 stones
 l - 7 poisoned darts
 w - 4 javelins
Armour
 b - a +0 robe
 h - a +0 leather armour
 m - a +0 scale mail
 p - the +0 buckler of Estriof (worn) {rPois Will+}
   (You acquired it on level 9 of the Dungeon)

   rPois:     It protects you from poison.
   Will:      It increases your willpower.
 r - a +1 pair of boots (worn)
 t - a +0 ring mail
 u - a +1 robe of positive energy
 v - an orb of guile
 x - a +0 pair of gloves (worn)
 F - the +0 robe of Too Many Cooks {*Corrode rF+ rN+ Dex+3}
   (You bought it in a shop on level 5 of the Dungeon)

   Dex:       It affects your dexterity (+3).
   rF:        It protects you from fire.
   rN:        It protects you from negative energy.
   *Corrode:  It may corrode you when you take damage.
 G - a +4 scale mail of fire resistance (worn)
Jewellery
 d - an amulet of magic regeneration (around neck)
 e - a +4 ring of evasion (left hand)
 j - a +6 ring of dexterity
 y - a ring of protection from fire (right hand)
Wands
 s - a wand of digging (7)
 C - a wand of flame (9)
Scrolls
 g - a scroll of amnesia
 i - a scroll of enchant weapon
 n - 2 scrolls of identify
 o - 2 scrolls of teleportation
 E - a scroll of enchant armour
 H - a scroll of noise {unknown}
Potions
 q - 3 potions of curing
 A - a potion of flight


   Skills:
 + Level 4.5 Fighting
 + Level 8.1 Short Blades
 + Level 1.7 Throwing
 + Level 5.7 Armour
 + Level 5.7 Dodging
 + Level 4.5 Stealth
 + Level 0.3 Evocations


You had 8 spell levels left.
You didn't know any spells.
Your spell library contained the following spells:

 Spells                   Type           Power      Damage    Failure   Level
 Petrify                  Tmut/Erth      0%         N/A       100%        4
 Metabolic Englaciation   Hex/Ice        0%         N/A       100%        5
 Statue Form              Tmut/Erth      0%         N/A       100%        6


Dungeon Overview and Level Annotations

Branches:
Dungeon (9/15)
 Temple: D:4-7         Lair: D:8-11         Orc: D:9-12

Altars:
Kikubaaqudgha
Okawaru
Wu Jian

Shops:
D:5 [

Annotations:
D:4 2 transporters


Innate Abilities, Weirdness & Mutations

Your magical capacity is low. (-10% MP)
Your system is resistant to poisons. (rPois)


Message History

The centaur closely misses you. You block the centaur's attack.
You hit the centaur.
The centaur is lightly wounded.
The centaur hits you but does no damage.
The centaur barely misses you.
You closely miss the centaur.
The centaur is lightly wounded.
You block the centaur's attack. The centaur closely misses you.
You hit the centaur.
The centaur is moderately wounded.
The centaur hits you but does no damage.
The centaur kicks you.
You completely miss the centaur.
The centaur is moderately wounded.
The cyan ugly thing misses you. The centaur barely misses you.
The centaur misses you. The centaur attacks as you move away!
You block the centaur's attack. The centaur completely misses you.
The cyan ugly thing closely misses you. The centaur attacks as you move away!
The centaur closely misses you.
The centaur kicks you but does no damage.
The centaur unwields a +0 dagger.
The centaur wields a +0 shortbow.
The centaur shoots an arrow.
The arrow hits you but does no damage.
There is a stone staircase leading down here.
The cyan ugly thing attacks as you move away!
The cyan ugly thing barely misses you.
The centaur shoots an arrow.
The arrow hits you!
* * * LOW HITPOINT WARNING * * *
The centaur shoots an arrow.
The arrow closely misses you.
There is a stone staircase leading up here.
The cyan ugly thing tail-slaps you.
* * * LOW HITPOINT WARNING * * *
The cyan ugly thing shocks you. You resist.
* * * LOW HITPOINT WARNING * * *
You climb upwards.
Found a leather armour.
There is a stone staircase leading down here.
You hit the cyan ugly thing.
The cyan ugly thing is lightly wounded.
The cyan ugly thing tail-slaps you!
You die...

...........##
............#
............#
............#
............#
.........[..##.
...............
......u@...#
....#.Y...## .
#.##### #. #


You could see a cyan ugly thing and an ice beast.

Vanquished Creatures
  2 trolls (D:9)
  Sigmund (D:3)
  A steam dragon (D:9)
  Duvessa (D:5)
  A black bear (D:4)
  3 centaurs
  An ogre (D:5)
  4 wolves (D:9)
  A bullfrog (D:4)
  A scorpion (D:5)
  2 necrophages (D:5)
  Dowan (D:5)
  2 howler monkeys (D:9)
  6 hounds
  An orc priest (D:5)
  Ijyb (D:3)
  2 iguanas (D:5)
  2 orc wizards (D:5)
  9 gnolls
  5 adders
  3 worms
  6 dart slugs
  3 orcs
  4 bats
  5 endoplasms
  3 giant cockroaches
  5 goblins
  5 hobgoblins
  2 quokkas
  6 ball pythons
  A frilled lizard (D:1)
  6 kobolds
  5 rats
101 creatures vanquished.

Vanquished Creatures (others)
  A bush (D:5)
1 creature vanquished.

Grand Total: 102 creatures vanquished

Notes
Turn   | Place    | Note
-------+----------+-------------------------------------------
     0 | D:1      | hawthorn the Deep Elf Monk began the quest for the Orb.
     0 | D:1      | Reached XP level 1. HP: 13/13 MP: 3/3
   393 | D:1      | Reached XP level 2. HP: 18/18 MP: 4/4
  1114 | D:2      | Reached XP level 3. HP: 22/22 MP: 5/5
  1240 | D:2      | Found an ancient bone altar of Kikubaaqudgha.
  1824 | D:2      | Identified the +7 dagger of Gutig {vorpal, rElec rCorr
                  | Stlth-}
  2441 | D:3      | Noticed Ijyb
  2451 | D:3      | Killed Ijyb
  2452 | D:3      | Reached skill level 1 in Armour
  2452 | D:3      | Reached XP level 4. HP: 17/27 MP: 6/6
  2600 | D:3      | Found a faded altar of an unknown god.
  2834 | D:3      | Noticed Sigmund
  2856 | D:3      | Killed Sigmund
  2857 | D:3      | Reached skill level 4 in Short Blades
  2857 | D:3      | Reached XP level 5. HP: 15/32 MP: 7/7
  3084 | D:3      | Gained mutation: Your system is resistant to poisons.
                  | (rPois) [potion of mutation]
  3084 | D:3      | Gained mutation: You have hidden genetic defects. [potion
                  | of mutation]
  3084 | D:3      | Gained mutation: Your mind is acute. (Int +4, Str/Dex -1)
                  | [potion of mutation]
  3090 | D:3      | Reached XP level 6. HP: 29/37 MP: 8/8
  3209 | D:3      | Found an ornate altar of the Wu Jian Council.
  3212 | D:3      | Gained mutation: You are frail. (-10% HP) [hidden defects]
  3879 | D:4      | Identified a scroll of acquirement
  3879 | D:4      | Acquired 725 gold pieces
  3893 | D:4      | Found a transporter.
  3895 | D:4      | Found a transporter.
  3923 | D:4      | Gained mutation: You are clumsy. (Dex -2) [hidden defects]
  3923 | D:4      | Lost mutation: You have hidden genetic defects. [hidden
                  | defects expressed]
  4127 | D:4      | Lost mutation: Your mind is acute. (Int +4, Str/Dex -1)
                  | [potion of mutation]
  4127 | D:4      | Lost mutation: You are frail. (-10% HP) [potion of
                  | mutation]
  4127 | D:4      | Gained mutation: Your magical capacity is low. (-10% MP)
                  | [potion of mutation]
  4127 | D:4      | Lost mutation: You are clumsy. (Dex -2) [potion of
                  | mutation]
  4197 | D:4      | Found an iron altar of Okawaru.
  4289 | D:4      | Reached skill level 5 in Short Blades
  4334 | D:4      | Reached XP level 7. HP: 32/41 MP: 8/8
  4584 | D:5      | Entered Level 5 of the Dungeon
  5269 | D:5      | Reached skill level 5 in Dodging
  5387 | D:5      | Found Gathen Inucu's Antique Armour Emporium.
  5398 | D:5      | Reached skill level 6 in Short Blades
  5403 | D:5      | Bought a silken robe for 131 gold pieces
  5403 | D:5      | Identified the +0 robe of Too Many Cooks {*Corrode rF+ rN+
                  | Dex+3} (You bought it in a shop on level 5 of the Dungeon)
  5403 | D:5      | Bought a runed scale mail for 161 gold pieces
  5426 | D:5      | Reached XP level 8. HP: 46/46 MP: 9/9
  5621 | D:6      | Noticed Duvessa
  5767 | D:5      | Reached skill level 1 in Throwing
  5847 | D:6      | Noticed Dowan
  5864 | D:5      | Killed Duvessa
  5873 | D:5      | Killed Dowan
  6079 | D:6      | You fall into a shaft and drop 3 floors!
  6141 | D:9      | Noticed a troll
  6142 | D:9      | Reached skill level 7 in Short Blades
  6162 | D:9      | Noticed a troll
  6185 | D:9      | Reached skill level 5 in Armour
  6201 | D:9      | Noticed a hornet
  6210 | D:9      | Killed a troll
  6211 | D:9      | Reached XP level 9. HP: 26/52 MP: 10/10
  6220 | D:9      | Killed a troll
  6221 | D:9      | Reached skill level 8 in Short Blades
  6252 | D:9      | HP: 2/52 [poisoned by a hornet]
  6256 | D:9      | Acquired the +0 buckler of Estriof {rPois Will+}
  6376 | D:9      | Noticed a cyan ugly thing
  6388 | D:8      | Slain by a cyan ugly thing

Illustrated notes

Levels and vault maps discovered:
D:1:      saegor_arrival_simple_c, layout_basic, minmay_pentomino_x2
D:2:      layout_basic, basic_altar
D:3:      layout_basic, nicolae_wu_jian_immortal_techniques,
          shapermc_ecumenical_altar_totnotflames, uniq_sigmund, uniq_ijyb
D:4:      gammafunk_steamed_eel, layout_cave_pools,
          nicolae_overflow_crystal_walls
D:5:      layout_basic, serial_shops, nicolae_shop_stone, minmay_hedge_maze,
          supply_closet_lemuel
D:6:      layout_gridville, mainiacjoe_overflow_alcove_1,
          nicolae_ru_awakened_eye, vehumet_altar_wand_db,
          evilmike_ruin_ashenzari, uniq_edmund, uniq_duvessa,
          uniq_prince_ribbit1
D:8:      layout_rooms
D:9:      layout_rooms, erik_lair_island

Skill      XL: |  1  2  3  4  5  6  7  8  9 |
---------------+----------------------------+-----
Dodging        | 4 5 |  5.7
Stealth        | 3 4 |  4.5
Armour         | 1 2 4 5 |  5.7
Fighting       | 3 4 |  4.5
Short Blades   | 4 5 6 7 8 |  8.1
Throwing       | 1 |  1.7
Evocations     | |  0.3

Action                   |  1- 3 |  4- 6 |  7- 9 || total
-------------------------+-------+-------+-------++-------
Melee: Short sword       |    96 |       |       ||    96
       Dagger            |    15 |    91 |   225 ||   331
       Punch             |     1 |     1 |     8 ||    10
Throw: Stone             |     4 |       |       ||     4
       Dart              |       |     1 |     2 ||     3
       Boomerang         |       |       |     8 ||     8
Evoke: Wand              |       |       |     1 ||     1
  Use: Scroll            |     8 |     2 |     5 ||    15
       Potion            |     1 |     5 |     6 ||    12
 Stab: Sleeping          |     9 |       |       ||     9
Armor: Robe              |     2 |       |       ||     2
       Leather armour    |     9 |       |       ||     9
       Scale mail        |     1 |    37 |    81 ||   119
Dodge: Dodged            |    70 |    48 |   156 ||   274
Block: Buckler           |       |       |     4 ||     4
